 Dungeon Crawl Stone Soup version 0.31-a0-845-g9abc20d24f (webtiles) character file.

Game seed: 15169893464931825971

1264 Ethylacetat the Changeling (level 8, 0/33 HPs)
             Began as an Octopode Shapeshifter on Oct 3, 2023.
             Was an Initiate of Gozag.
             Slain by Edmund
             ... wielding a +2 flail of holy wrath
              (5 damage)
             ... on level 6 of the Dungeon.
             The game lasted 00:08:54 (5306 turns).

Ethylacetat the Changeling (Octopode Shapeshifter)  Turns: 5306, Time: 00:08:58

Health: 0/33       AC:  1    Str: 13    XL:     8   Next: 52%
Magic:  0/12       EV: 14    Int: 12    God:    Gozag
Gold:   630        SH:  0    Dex: 14    Spells: 13/13 levels left

rFire   . .          .
                       - Unarmed
rCold   . . .        (shield currently unavailable)
rNeg    . . .        (helmet restricted)
rPois   .            i - amulet of guardian spirit
rElec   .            (no ring)
rCorr   .            (no ring)
SInv    .            (no ring)
Will    .....        (no ring)
Stlth   ++           (no ring)
HPRegen 0.25/turn    (no ring)
MPRegen 0.13/turn    (no ring)
                     (no ring)

%: guardian spirit
@: blade tentacles, gold aura
A: reduced hp, almost no armour, amphibious, 8 rings, camouflage 1, gelatinous
body 1, (nimble swimmer 1), tentacles
a: Begin Untransformation, Renounce Religion, Potion Petition, Call Merchant,
Bribe Branch


You were on level 6 of the Dungeon.
You worshipped Gozag.
Gozag was pleased with you.
You had blades for main tentacles.
You visited 2 branches of the dungeon, and saw 7 of its levels.
You also visited: Ossuary.

You collected 666 gold pieces.
You paid 36 gold pieces to Gozag.

Inventory:

Jewellery
 i - an amulet of guardian spirit (around mantle)
Talismans
 b - a beast talisman
 c - a flux talisman
 r - a blade talisman (active)
Scrolls
 d - 2 scrolls of enchant armour {unknown}
 e - a scroll of revelation {unknown}
 j - 6 scrolls of identify
 k - 2 scrolls of brand weapon {unknown}
 l - a scroll of immolation {unknown}
 o - a scroll of blinking {unknown}
 u - 2 scrolls of fear {unknown}
 w - a scroll of enchant weapon {unknown}
 x - a scroll of teleportation {unknown}
 y - a scroll of noise {unknown}
Potions
 a - 2 potions of lignification
 g - a potion of heal wounds {unknown}
 h - a potion of resistance {unknown}
 m - 4 potions of curing
 n - a potion of attraction {unknown}
 p - 2 potions of invisibility
 q - a potion of might {unknown}
 s - a potion of ambrosia {unknown}
 t - a potion of degeneration {unknown}
 v - a potion of cancellation {unknown}
 z - a potion of berserk rage {unknown}
 A - a potion of magic {unknown}
 B - a potion of enlightenment {unknown}
 C - a potion of brilliance {unknown}
 D - a potion of mutation {unknown}


   Skills:
 + Level 4.1 Fighting
 + Level 4.5 Dodging
 + Level 5.0 Unarmed Combat
 + Level 3.1 Spellcasting
 * Level 6.1 Shapeshifting


You had 13 spell levels left.
You didn't know any spells.
Your spell library contained the following spells:

 Spells                   Type           Power      Damage    Failure   Level
 Apportation              Tloc           2%         N/A       24%         1
 Kiss of Death            Conj/Necr      4%         2d5       24%         1
 Slow                     Hex            4%         N/A       24%         1
 Jinxbite                 Hex            2%         N/A       36%         2
 Static Discharge         Conj/Air       2%         2-3/arc   36%         2
 Sublimation of Blood     Necr           1%         N/A       36%         2
 Wereblood                Tmut           1%         N/A       36%         2
 Confusing Touch          Hex            1%         N/A       58%         3
 Sigil of Binding         Hex            1%         N/A       58%         3
 Vampiric Draining        Necr           1%         2d6       58%         3
 Airstrike                Air            0%         2d(1-17)  94%         4
 Dispel Undead            Necr           1%         3d6       94%         4
 Summon Lightning Spire   Summ/Air       1%         N/A       94%         4
 Alistair's Intoxication  Tmut/Pois      0%         N/A       100%        5
 Summon Hydra             Summ           0%         N/A       100%        7


Dungeon Overview and Level Annotations

Branches:
Dungeon (6/15)             Temple (1/1) D:4         Ossuary (visited)

Altars:
Dithmenos
Elyvilon
Fedhas
Gozag
Hepliaklqana
Kikubaaqudgha
Makhleb
Nemelex Xobeh
Okawaru
Qazlal
Sif Muna
Uskayaw
Vehumet
Wu Jian
Xom
Yredelemnul
Zin
The Shining One

Shops:
D:4 =

Annotations:
D:6 Blork the orc, Edmund


Innate Abilities, Weirdness & Mutations

You have blades for main tentacles.
Your maximum health is decreased, since you lack skill for your form.
You are incapable of wielding weapons or throwing items.
You cannot wear most types of armour.
You are amphibious.
You can wear up to eight rings at the same time.
Your skin changes colour to match your surroundings (Stealth+).
Your rubbery body absorbs attacks. (AC +1, EV +1)
((You are camouflaged when in or above water. (Stealth+)))
You have tentacles for arms and can constrict up to eight enemies at once.


Message History

Edmund hits you with a +2 flail of holy wrath!
Blork the orc hits something with a +0 flail of protection!
You hit Edmund. You squeeze Edmund.
Edmund is moderately wounded.
You constrict Edmund, but do no damage. Edmund closely misses you.
Blork the orc hits something with a +0 flail of protection!
You hit Edmund but do no damage.
Edmund is moderately wounded.
You constrict Edmund.
Blork the orc frowns.
Blork the orc hits something with a +0 flail of protection.
An ice beast comes into view.
Edmund hits you with a +2 flail of holy wrath!
You slash Edmund!
Edmund is severely wounded.
You constrict Edmund, but do no damage.
Blork the orc completely misses something.
The orc wizard mumbles some strange words.
The orc wizard flickers and vanishes!
Deactivating autopickup; reactivate with Ctrl-A.
Edmund hits you with a +2 flail of holy wrath!
* * * LOW HITPOINT WARNING * * *
Blork the orc looks encouraged for a moment.
It was a potion of curing.
You feel better.
You constrict Edmund.
Blork the orc hits something with a +0 flail of protection!
You hear some strange, mumbled words.
A magic dart appears from out of thin air!
The magic dart hits you!
* * * LOW HITPOINT WARNING * * *
Edmund barely misses you.
Okay, then.
As you read the scroll labelled ECKUEL BEXIUZ, it crumbles to dust.
It is a scroll of identify.
p - 2 potions of invisibility You constrict Edmund.
Something hits you.
* * * LOW HITPOINT WARNING * * *
Edmund hits you with a +2 flail of holy wrath.
You die...
Edmund whines, "They better pay attention to me now!"
Your body crumbles into a pile of gold.

.).# #.#..............
##.#####...........>....
.......##.#(..$:........
##..##..$..........!....
##.####.....$..........
###.# #...##...>.......[
.P..##..#.##.......##..
..♣.......#####P...##.##
.P.#...##.#####♣@.......
......# #.##.Y.@♣{.#..##
..#.#. .#..##$P.♣...#
..# ... .......## ... #
...!...... ...
####....#### .. ....#
....# ....#


You could see Edmund and an ice beast.

Vanquished Creatures
  Menkaure (Ossuary)
  A black bear (D:5)
  An ice beast (D:5)
  A centaur (D:5)
  2 phantoms
  4 scorpions
  2 hounds (D:5)
  2 jellies
  3 iguanas (D:5)
  A sleepcap (D:5)
  3 mummies (Ossuary)
  4 gnolls (D:4)
  6 adders
  3 ufetubi
  3 worms
  5 dart slugs
  4 orcs
  A ball python (D:1)
  7 endoplasms
  2 giant cockroaches
  7 goblins
  6 hobgoblins
  5 quokkas
  8 bats
  A frilled lizard (D:1)
  7 gnoll skeletons (Ossuary)
  3 gnoll zombies (Ossuary)
  3 goblin skeletons (Ossuary)
  6 goblin zombies (Ossuary)
  4 hobgoblin skeletons (Ossuary)
  4 hobgoblin zombies (Ossuary)
  5 kobolds
  3 kobold skeletons (Ossuary)
  2 kobold zombies (Ossuary)
  4 orc skeletons (Ossuary)
  6 orc zombies (Ossuary)
  9 rats
  4 rat skeletons (Ossuary)
  4 rat zombies (Ossuary)
147 creatures vanquished.

Vanquished Creatures (others)
  An ogre (D:5)
1 creature vanquished.

Grand Total: 148 creatures vanquished

Notes
Turn   | Place    | Note
-------+----------+-------------------------------------------
     0 | D:1      | Ethylacetat the Octopode Shapeshifter began the quest for
                  | the Orb.
     0 | D:1      | Reached XP level 1. HP: 13/13 MP: 1/1
   147 | D:1      | Reached XP level 2. HP: 15/18 MP: 2/2
   287 | D:1      | Found a faded altar of an unknown god.
   287 | D:1      | Noticed an orange demon
   420 | D:1      | Reached XP level 3. HP: 23/23 MP: 3/3
  1023 | D:2      | You fall into a shaft and drop 1 floor!
  1510 | D:2      | Reached XP level 4. HP: 23/29 MP: 2/4
  1939 | D:3      | Found a glowing silver altar of Zin.
  1944 | D:3      | Found a white marble altar of Elyvilon.
  1945 | D:3      | Found a glowing golden altar of the Shining One.
  2404 | D:4      | Noticed a scorpion
  2414 | D:4      | Killed a scorpion
  2415 | D:4      | Reached skill level 1 in Spellcasting
  2415 | D:4      | Reached skill level 4 in Shapeshifting
  2415 | D:4      | Reached XP level 5. HP: 32/34 MP: 3/6
  2448 | D:4      | Noticed a phantom
  2460 | D:4      | Killed a phantom
  2461 | D:4      | Reached XP level 6. HP: 13/41 MP: 2/7
  2642 | D:4      | Found an ancient bone altar of Kikubaaqudgha.
  2645 | D:4      | Found a sparkling altar of Nemelex Xobeh.
  2646 | D:4      | Found a basalt altar of Yredelemnul.
  2688 | D:4      | Found a staircase to the Ecumenical Temple.
  2697 | Temple   | Entered the Ecumenical Temple
  2702 | Temple   | Became a worshipper of Gozag Ym Sagoz the Greedy
  2858 | D:4      | Found Udairer's Jewellery Emporium.
  3351 | D:5      | Entered Level 5 of the Dungeon
  3467 | D:5      | Found a sand-covered staircase.
  3506 | Ossuary  | Entered an ossuary
  3799 | Ossuary  | Reached XP level 7. HP: 45/45 MP: 9/9
  3943 | Ossuary  | Noticed Menkaure
  3960 | Ossuary  | Killed Menkaure
  3961 | Ossuary  | Reached skill level 5 in Shapeshifting
  4155 | D:5      | Found a shimmering altar of Xom.
  4198 | D:5      | Reached XP level 8. HP: 34/53 MP: 6/11
  4887 | D:5      | Reached skill level 6 in Shapeshifting
  4944 | D:5      | Reached skill level 5 in Unarmed Combat
  5295 | D:6      | Noticed Blork the orc
  5295 | D:6      | Noticed Edmund
  5306 | D:6      | Slain by Edmund

Illustrated notes

Levels and vault maps discovered:
D:1:      psy_arrival_whirlpool, layout_loops_ring,
          dreamdust_ecumenical_altar_sealed_demon,
          corexii_item_surrounded_by_moat, supply_closet_lemuel,
          nicolae_figureground_pulse
D:2:      layout_basic, minmay_tetromino_t4
D:3:      layout_loops_ring, good_gods_temple_1, dk_vineyard_2,
          minmay_misc_feat_diagonals, minmay_checkerbox
D:4:      layout_loops_cross, minitemple, minmay_temple_entry_enclosed_plants,
          serial_shops, nicolae_shop_tiny_waterfront, kennysheep_generic_room_13
D:5:      layout_cave_pods, xom_confusion_cloud,
          lightli_ossuary_entry_decrepit_ruins
D:6:      layout_rooms, nicolae_ru_the_path_less_chosen, serial_shops, shop,
          serial_demonic, serial_demonic_e, serial_demonic_e, serial_demonic_b,
          serial_demonic_c, serial_demonic_g, serial_demonic_b,
          serial_demonic_g, serial_demonic_g, chequers_mini_garden,
          uniq_blork_the_orc, uniq_sigmund, uniq_edmund
Temple:   hellmonk_temple_of_storms

Skill      XL: |  1  2  3  4  5  6  7  8 |
---------------+-------------------------+-----
Fighting       | 2 3 4 |  4.1
Spellcasting   | 1 2 3 |  3.1
Shapeshifting  | 4 5 6 |  6.1
Dodging        | 3 4 |  4.5
Unarmed Combat | 4 5 |  5.0

Action                     |  1- 3 |  4- 6 |  7- 9 || total
---------------------------+-------+-------+-------++-------
  Melee: Unarmed           |    68 |   125 |   140 ||   333
         Constrict         |    17 |    41 |    27 ||    85
         Tentacles         |     9 |    35 |    27 ||    71
         Punch             |     1 |     6 |     3 ||    10
    Use: Potion            |       |     1 |     3 ||     4
         Scroll            |       |       |     1 ||     1
   Stab: Sleeping          |     9 |    17 |     1 ||    27
         Distracted        |       |       |     1 ||     1
 Armour: Skin              |    24 |    37 |    78 ||   139
  Dodge: Dodged            |    30 |    56 |    48 ||   134
   Form: Blade             |       |       |     1 ||     1

Table legend: (Time is in decaauts)
 A = Elapsed time spent in this place.
 B = Non-inter-level travel time spent in this place.
 C = Inter-level travel time spent in this place.
 D = Time resting spent in this place.
 E = Time spent auto-exploring this place.
 F = Levels seen in this place.
 G = Mean time per level.
                   A        B        C        D        E       F      G
               +--------+--------+--------+--------+--------+-----+--------+
         Total |   5280 |   5146 |    134 |     97 |   4086 |   8 |  660.0 |
       Dungeon |   4699 |   4574 |    125 |     93 |   3750 |   6 |  783.2 |
        Temple |     27 |     18 |      9 |      0 |      0 |   1 |   27.0 |
       Ossuary |    552 |    552 |      0 |      4 |    336 |   1 |  552.0 |
               +--------+--------+--------+--------+--------+-----+--------+

Top non-repeatable levels by time:
     D:5: 1327 daAuts
     D:4: 994 daAuts
     D:1: 831 daAuts
     D:2: 806 daAuts
     D:3: 681 daAuts
 Ossuary: 552 daAuts
     D:6: 58 daAuts
  Temple: 27 daAuts
